 Dungeon Crawl Stone Soup version 0.21.1-1-g345015f (webtiles) character file.

1932 cultivahabas the Cleaver (level 8, -2/76 HPs)
             Began as a Deep Dwarf Fighter on May 21, 2018.
             Was a Follower of Makhleb.
             Slain by an ogre
             ... wielding a +0 giant club
              (10 damage)
             ... on level 7 of the Dungeon.
             The game lasted 00:14:17 (5217 turns).

cultivahabas the Cleaver (Deep Dwarf Fighter)       Turns: 5217, Time: 00:14:17

Health: -2/76      AC:  9    Str: 21    XL:     8   Next: 97%
Magic:  10/10      EV:  8    Int:  9    God:    Makhleb [*.....]
Gold:   353        SH: 11    Dex: 13    Spells: 7/7 levels left

rFire    . . .     SeeInvis .   a - +1 war axe
rCold    . . .     Gourm    .   c - +0 shield
rNeg     . . .     Faith    .   b - +0 scale mail
rPois    .         Spirit   .   w - +1 helmet
rElec    .         Reflect  .   (no cloak)
rCorr    .         Harm     .   (no gloves)
MR       +....                  (no boots)
Stlth    +.........             (no amulet)
HPRegen  0.00/turn              l - ring of stealth
MPRegen  0.12/turn              v - ring of flight

@: non-regenerating
A: damage resistance, heal wounds, sense surroundings 1, no regeneration
a: Heal Wounds, Renounce Religion, Evoke Flight


You were on level 7 of the Dungeon.
You worshipped Makhleb.
Makhleb was aware of your devotion.
You were not hungry.

You visited 2 branches of the dungeon, and saw 9 of its levels.

You collected 353 gold pieces.

Inventory:

Hand Weapons
 a - a +1 war axe (weapon)
 o - a +1 hand axe of flaming
Missiles
 y - 13 tomahawks (quivered)
Armour
 b - a +0 scale mail (worn)
 c - a +0 shield (worn)
 n - a +0 pair of boots
 w - a +1 helmet (worn)
Jewellery
 l - a ring of stealth (left hand)
 v - a ring of flight (right hand)
 z - an uncursed ring of ice {unknown}
 E - a cursed amulet of magic regeneration {unknown}
Wands
 p - a wand of enslavement (13)
 A - a wand of disintegration (6)
 F - a wand of iceblast (9)
Scrolls
 g - 2 scrolls of identify
 h - a scroll of amnesia
 k - 3 scrolls of remove curse
 r - a scroll of enchant weapon
 s - 4 scrolls of teleportation
 B - 2 scrolls of random uselessness {unknown}
 D - a scroll of noise {unknown}
Potions
 d - 2 potions of might
 e - a potion of invisibility {unknown}
 i - a potion of mutation
 j - a potion of flight {unknown}
 m - a potion of heal wounds {unknown}
 q - a potion of lignification {unknown}
 t - a potion of magic {unknown}
 u - a potion of cancellation {unknown}
 x - 3 potions of haste {unknown}
 C - a potion of degeneration {unknown}
Comestibles
 f - 10 rations


   Skills:
 + Level 5.6 Fighting
 * Level 9.0 Axes
 - Level 3.2 Armour
 + Level 6.9 Shields
 * Level 4.3 Invocations


You had 7 spell levels left.
You didn't know any spells.

Dungeon Overview and Level Annotations

Branches:
Dungeon (8/15)             Temple (1/1) D:5
   Lair: D:8-11

Altars:
Ashenzari
Cheibriados
Elyvilon
Fedhas
Gozag
Hepliaklqana
Kikubaaqudgha
Makhleb
Nemelex Xobeh
Okawaru
Qazlal
Ru
Sif Muna
Trog
Uskayaw
Vehumet
Yredelemnul
Zin
The Shining One

Shops:
D:6 =


Innate Abilities, Weirdness & Mutations

You are resistant to damage.
You can heal yourself by infusing magical energy.
You passively map a small area around you.
You do not regenerate.


Message History

You open the door.
There is an open door here.
An ogre comes into view. It is wielding a giant club.
The ogre shouts!
You hear an angry hiss.
Found 2 scrolls of identify.
An ogre is nearby!
An ogre is nearby!
An ogre is nearby!
An adder skeleton comes into view.
Found 11 poisoned needles.
You hit the ogre.
The ogre is lightly wounded.
The ogre hits you with a giant club!!
* * * LOW HITPOINT WARNING * * *
A bullfrog comes into view.
Your scale mail prevents you from hitting the ogre.
The ogre is lightly wounded.
The bullfrog croaks.
The ogre hits you with a giant club!
You die...

, #... * .. .... ...... , #...
.........#...(. , #... ,
#.?............ ,*#...
....#......... #...
..........#.#' ######...
#..........# #........ ,
#....O#...##..'........ ,
#.....@.Z..F# #........ , *
..........#### #........ ,
.#.##.....###..'........ #
#.##.##......##........ #,.., ,
#.##....####'##<....... #.#. *
#....##.###............ #.#.
#..................#### #...###
#.##...............####
#.....###.##...............#...


You could see an ogre, a bullfrog and an adder skeleton.

Vanquished Creatures
  The ghost of Irikuri the Skirmisher, an amateur OgBe of Trog (D:6)
  An ice beast (D:7)
  Duvessa (D:6)
  A phantom (D:5)
  2 ogres
  2 centaurs
  A bullfrog (D:7)
  Dowan (D:6)
  5 crimson imps
  A hound (D:4)
  4 orc priests
  An orc wizard (D:3)
  2 centaur skeletons
  An iguana (D:5)
  Ijyb (D:5)
  2 worker ants
  A killer bee zombie (D:6)
  A hound skeleton (D:4)
  4 gnolls (D:3)
  6 adders
  A shadow imp (D:5)
  An adder zombie (D:5)
  2 worms (D:3)
  2 dart slugs
  5 leopard geckos
  17 orcs
  10 bats
  7 giant cockroaches
  12 goblins
  9 hobgoblins
  16 jackals
  A ball python (D:2)
  3 frilled lizards
  A jackal zombie (D:7)
  7 kobolds
  A quokka skeleton (D:5)
  10 rats
144 creatures vanquished.

Notes
Turn   | Place    | Note
-------+----------+-------------------------------------------
     0 | D:1      | cultivahabas the Deep Dwarf Fighter began the quest for the Orb.
     0 | D:1      | Reached XP level 1. HP: 20/20 MP: 1/1
   172 | D:1      | Reached XP level 2. HP: 18/27 MP: 2/2
   468 | D:1      | Reached skill level 3 in Axes
   896 | D:2      | Reached XP level 3. HP: 18/34 MP: 3/3
  1342 | D:2      | Found an ancient bone altar of Kikubaaqudgha.
  1436 | D:2      | Reached XP level 4. HP: 20/42 MP: 4/4
  1800 | D:3      | Reached skill level 4 in Axes
  1843 | D:3      | Reached XP level 5. HP: 25/49 MP: 5/5
  2274 | D:3      | Reached skill level 5 in Axes
  2331 | D:3      | Found a basalt altar of Yredelemnul.
  2335 | D:3      | Found a bloodstained altar of Trog.
  2340 | D:3      | Found a sacrificial altar of Ru.
  2381 | D:3      | Reached XP level 6. HP: 44/57 MP: 5/5
  2658 | D:4      | Found an opulent altar of Gozag.
  2668 | D:4      | Found a snail-covered altar of Cheibriados.
  3513 | D:5      | Entered Level 5 of the Dungeon
  3642 | D:5      | Found a staircase to the Ecumenical Temple.
  3725 | Temple   | Entered the Ecumenical Temple
  3959 | D:5      | Reached skill level 5 in Shields
  4047 | D:5      | Found a hazy altar of Hepliaklqana.
  4072 | D:5      | Reached skill level 6 in Axes
  4118 | D:5      | Reached XP level 7. HP: 47/64 MP: 6/6
  4207 | D:5      | Noticed Ijyb
  4218 | D:5      | Killed Ijyb
  4360 | D:6      | Reached skill level 7 in Axes
  4374 | D:6      | Found a burning altar of Makhleb.
  4451 | D:6      | Reached skill level 5 in Fighting
  4451 | D:6      | Reached XP level 8. HP: 14/74 MP: 7/7
  4466 | D:6      | Became a worshipper of Makhleb the Destroyer
  4497 | D:6      | Found an iron altar of Okawaru.
  4557 | D:6      | Noticed Dowan
  4558 | D:6      | Noticed Duvessa
  4570 | D:6      | Killed Duvessa
  4585 | D:6      | HP: 2/74 [Dowan/dagger (2)]
  4589 | D:6      | Killed Dowan
  4589 | D:6      | Reached skill level 8 in Axes
  4645 | D:6      | Noticed Irikuri's ghost (amateur OgBe)
  4676 | D:6      | Killed Irikuri's ghost
  4718 | D:6      | Found Wunaudiw's Jewellery Boutique.
  4727 | D:6      | You fall through a shaft for 2 floors!
  4728 | D:8      | Found a deep blue altar of Sif Muna.
  4890 | D:7      | Reached * piety under Makhleb
  4950 | D:7      | Reached skill level 9 in Axes
  5217 | D:7      | Slain by an ogre

Skill      XL: |  1  2  3  4  5  6  7  8 |
---------------+-------------------------+-----
Axes           | 3 4 5 6 7 9 |  9.0
Fighting       | 3 4 5 |  5.6
Shields        | 4 5 6 |  6.9
Invocations    | 4 |  4.3
Armour         | |  3.2

Action                   |  1- 3 |  4- 6 |  7- 9 || total
-------------------------+-------+-------+-------++-------
Melee: War axe           |   135 |   201 |   170 ||   506
Throw: Tomahawk          |       |     2 |       ||     2
 Abil: Heal Wounds       |     1 |     5 |     6 ||    12
  Use: Scroll            |       |    10 |       ||    10
  Eat: Chunk             |     1 |     6 |     4 ||    11
       Ration            |       |     1 |       ||     1
Armor: Scale mail        |    85 |   104 |    81 ||   270
Dodge: Dodged            |    52 |    66 |    56 ||   174
Block: Shield            |    78 |   120 |   115 ||   313
